 Dungeon Crawl Stone Soup version 0.30.0-5-g1a98f26d00 (webtiles) character file.

Game seed: 14874822491475399209

3 browni3141 the Vexing (level 1, -2/17 HPs)
             Began as a Meteoran Hexslinger on May 8, 2023.
             Slain by a quokka (4 damage)
             ... on level 2 of the Dungeon.
             The game lasted 00:00:48 (91 turns).

browni3141 the Vexing (Meteoran Hexslinger)           Turns: 91, Time: 00:00:49

Health: -2/17      AC:  2    Str: 11    XL:     1   Next: 71%
Magic:  3/3        EV: 12    Int: 14    God:
Gold:   0          SH:  0    Dex: 14    Spells: 1/2 levels left

rFire   . . .        a - +1 sling
rCold   . . .        (no shield)
rNeg    . . .        c - +0 robe
rPois   .            (no helmet)
rElec   .            (no cloak)
rCorr   .            (no gloves)
SInv    .            (no boots)
Will    .....        (no amulet)
Stlth   +            (no ring)
HPRegen 0.22/turn    (no ring)
MPRegen 0.08/turn

%: no passive effects
@: glowing
A: sense surroundings 1, otherworldly, glowing, explore regen
a: no special abilities


You were on level 2 of the Dungeon.
You visited 1 branch of the dungeon, and saw 2 of its levels.

Inventory:

Hand Weapons
 a - a +1 sling (weapon)
Armour
 c - a +0 robe (worn)
Scrolls
 b - a scroll of poison


   Skills:
 + Level 1.7 Fighting
 - Level 2.1 Ranged Weapons
 - Level 2.4 Dodging
 - Level 1.3 Spellcasting
 - Level 3.6 Hexes


You had one spell level left.
You knew the following spells:

 Your Spells              Type           Power      Damage    Failure   Level
S - Slow                  Hex            44%        N/A       6%          1

Your spell library contained the following spells:

 Spells                   Type           Power      Damage    Failure   Level
 Inner Flame              Hex/Fire       6%         N/A       36%         3
 Portal Projectile        Hex/Tloc       12%        N/A       36%         3
 Cause Fear               Hex            5%         N/A       50%         4


Dungeon Overview and Level Annotations

Branches:
Dungeon (2/15) Zot: 1102

Altars:


Innate Abilities, Weirdness & Mutations

You passively map a small area around you.
You are easily found by Zot.
You glow in the dark.
You regain HP and MP as you explore.


Message History

The hobgoblin shouts!
The giant cockroach bites you.
You shoot a sling bullet. The sling bullet hits the hobgoblin.
The hobgoblin is moderately wounded.
The giant cockroach barely misses you. The hobgoblin hits you.
You shoot a sling bullet.
The sling bullet barely misses the hobgoblin.
The giant cockroach bites you. The hobgoblin misses you.
A frilled lizard comes into view.
The giant cockroach misses you.
You shoot a sling bullet.
The sling bullet completely misses the hobgoblin.
The hobgoblin hits you but does no damage.
The giant cockroach closely misses you.
The hobgoblin hits you but does no damage.
You shoot a sling bullet.
The sling bullet completely misses the hobgoblin.
The giant cockroach closely misses you. The hobgoblin barely misses you.
The giant cockroach bites you.
You shoot a sling bullet. The sling bullet hits the hobgoblin.
You kill the hobgoblin!
The giant cockroach bites you but does no damage.
The giant cockroach barely misses you.
You shoot a sling bullet.
The sling bullet misses the frilled lizard.
The giant cockroach bites you but does no damage.
You shoot a sling bullet.
The sling bullet hits the frilled lizard but does no damage.
The giant cockroach misses you.
The frilled lizard hisses.
The frilled lizard barely misses you. The giant cockroach closely misses you.
You shoot a sling bullet.
The sling bullet hits the frilled lizard.
You kill the frilled lizard!
The giant cockroach barely misses you.
Things that are here:
a frilled lizard corpse; a hobgoblin corpse The giant cockroach closely misses you.
The giant cockroach attacks as you move away!
The giant cockroach bites you but does no damage.
The giant cockroach attacks as you move away!
The giant cockroach closely misses you.
The giant cockroach attacks as you move away!
The giant cockroach bites you but does no damage.
The giant cockroach misses you.
The quokka twitches its whiskers.
The giant cockroach completely misses you.
The giant cockroach attacks as you move away!
The giant cockroach bites you but does no damage.
A kobold comes into view. It is wielding a +0 whip.
Found a stone staircase leading down.
The kobold shouts!
You hear an angry hiss.
The kobold moves out of view.
A frilled lizard comes into view.
The frilled lizard hisses angrily.
You hear a shout!
The giant cockroach waves its antennae.
The giant cockroach closely misses you.
The giant cockroach attacks as you move away!
The giant cockroach barely misses you.
The quokka twitches its whiskers.
A rat comes into view.
The giant cockroach bites you but does no damage.
There is a stone staircase leading down here.
The frilled lizard bites you.
The giant cockroach completely misses you.
The quokka misses you.
You climb downwards.
Found a stone staircase leading down.
There is a stone staircase leading up here.
You shoot a sling bullet.
The sling bullet closely misses the frilled lizard.
The frilled lizard closely misses you.
The giant cockroach bites you but does no damage.
The quokka closely misses you.
You shoot a sling bullet.
The sling bullet closely misses the frilled lizard.
The quokka closely misses you. The giant cockroach closely misses you.
The frilled lizard bites you. The quokka bites you.
The giant cockroach completely misses you.
The frilled lizard closely misses you.
You shoot a sling bullet.
The sling bullet barely misses the frilled lizard.
The quokka bites you.
The giant cockroach bites you but does no damage.
The frilled lizard closely misses you. The quokka closely misses you.
You shoot a sling bullet.
The sling bullet hits the frilled lizard but does no damage.
The giant cockroach misses you. The frilled lizard barely misses you.
The quokka barely misses you. The giant cockroach bites you.
You shoot a sling bullet.
The sling bullet misses the frilled lizard.
The quokka misses you. The frilled lizard bites you.
The giant cockroach closely misses you. The quokka bites you.
* * * LOW HITPOINT WARNING * * *
The frilled lizard completely misses you.
The giant cockroach bites you but does no damage.
You shoot a sling bullet.
The sling bullet misses the frilled lizard.
The quokka bites you.
You die...

, , * , , *
** * * ,* *
* * * #. ,
** *
*###...,,,
, ###....#.
###rB....>.
#.l@# ** ,
......### *
* ...## , ,
, . * * * ,
, , , , , ,
* , , , , ,
, ,


You could see a quokka, a giant cockroach and a frilled lizard.

Vanquished Creatures
  2 hobgoblins (D:1)
  A frilled lizard (D:1)
3 creatures vanquished.

Notes
Turn   | Place    | Note
-------+----------+-------------------------------------------
     0 | D:1      | browni3141 the Meteoran Hexslinger began the quest for the
                  | Orb.
     0 | D:1      | Reached XP level 1. HP: 16/16 MP: 3/3
    91 | D:2      | Slain by a quokka

Illustrated notes

Levels and vault maps discovered:
D:1:      minmay_arrival_wavy_path, layout_rooms
D:2:      layout_rooms, minmay_misc_feat_chi

Action                     || total
---------------------------++-------
   Fire: Sling             ||    18
 Armour: Robe              ||    19
  Dodge: Dodged            ||    39
